 Dungeon Crawl Stone Soup version 0.31.0-12-g77e489cdc1 (webtiles) character file.

Game seed: 7600623059830528271

27853 Ruich the Covert (level 13, -8/68 HPs)
             Began as a Felid Summoner on Feb 9, 2024.
             Was a High Priest of Kikubaaqudgha.
             Engulfed by a cloud of flame (24 damage)
             ... on level 5 of the Lair of Beasts on Feb 11, 2024.
             The game lasted 01:38:37 (20633 turns).

Ruich the Covert (Felid Summoner)                  Turns: 20633, Time: 01:38:37

Health: -8/68      AC:  3    Str:  8    XL:     13   Next: 6%
Magic:  7/26       EV: 24    Int: 19    God:    Kikubaaqudgha [*****.]
Gold:   459        SH:  5    Dex: 18    Spells: 3/29 levels left
                                        Lives:  0   Deaths: 5

rFire   . . .        (weapon unavailable)
rCold   + . .        (shield unavailable)
rNeg    . . .        (body armour unavailable)
rPois   .            (helmet unavailable)
rElec   .            (cloak unavailable)
rCorr   .            (gloves unavailable)
SInv    +            (boots unavailable)
Will    +....        u - amulet of reflection
Stlth   +++++        Z - ring of wizardry
HPRegen 0.31/turn    (no ring)
MPRegen 0.20/turn

%: reflection, wizardry (x1)
@: death channelling (expiring), animating dead (expiring), unable to call your
familiar, studying Evocations
A: very small, claws 1, fangs 3, see invisible, shaggy fur 3, stealthy paws, no
weapons or thrown items, no armour, multi-lived
a: Renounce Religion, Unearth Wretches, Torment


You were on level 5 of the Lair of Beasts.
You worshipped Kikubaaqudgha.
Kikubaaqudgha was extremely pleased with you.
You visited 3 branches of the dungeon, and saw 16 of its levels.
You also visited: Sewer.

You collected 891 gold pieces.
You spent 432 gold pieces at shops.


Innate Abilities, Weirdness & Mutations

You have sharp claws.
You have razor-sharp teeth.
You have supernaturally acute eyesight. (SInv)
Your thick and shaggy fur keeps you warm. (AC +3, rC+)
Your paws help you pounce on unaware monsters.
You are incapable of wielding weapons or throwing items.
You cannot wear armour.
You gain extra lives every three experience levels.


   Skills:
 + Level 7.6 Fighting
 - Level 10.0 Dodging
 - Level 10.0 Stealth
 + Level 8.7 Spellcasting
 - Level 8.0 Hexes
 + Level 9.9 Summonings
 * Level 9.0 Necromancy
 - Level 5.0 Fire Magic
 - Level 5.0 Air Magic
 - Level 5.0 Evocations


You had 3 spell levels left.
You knew the following spells:

 Your Spells              Type           Power      Damage    Failure   Level
a - Animate Dead          Necr           42%        N/A       1%          4
c - Call Canine Familiar  Summ           46%        N/A       1%          3
d - Death Channel         Necr           21%        N/A       13%         6
l - Summon Lightning Spi  Summ/Air       36%        N/A       1%          4
x - Summon Blazeheart Go  Fire/Summ      36%        N/A       1%          4
z - Summon Small Mammal   Summ           100%       N/A       1%          1
X - Anguish               Hex/Necr       20%        N/A       1%          4

Your spell library contained the following spells:

 Spells                   Type           Power      Damage    Failure   Level
 Kiss of Death            Conj/Necr      100%       2d13      1%          1
 Necrotise                Necr           100%       1d9       1%          1
 Call Imp                 Summ           92%        N/A       1%          2
 Sublimation of Blood     Necr           42%        N/A       1%          2
 Fugue of the Fallen      Necr           42%        N/A       1%          3
 Vampiric Draining        Necr           42%        2d9       1%          3
 Apportation              Tloc           16%        N/A       3%          1
 Sting                    Conj/Alch      32%        1d5       3%          1
 Curse of Agony           Necr           42%        N/A       2%          5
 Borgnjor's Vile Clutch   Necr/Erth      12%        N/A       16%         5
 Lee's Rapid Deconstruct  Erth           4%         3d5*      65%         5
 Animate Armour           Summ/Erth      Unusable   N/A       N/A         4

Inventory:

Jewellery
 u - an amulet of reflection (around neck)
 F - a ring of fire
 Z - a ring of wizardry (left paw)
Wands
 e - a wand of paralysis (3)
 h - a wand of quicksilver (10)
 r - a wand of polymorph (3)
 x - a wand of flame (3)
 y - a wand of iceblast (3)
 A - a wand of mindburst (6)
Scrolls
 j - 8 scrolls of teleportation {@r2}
 k - a scroll of revelation
 m - 3 scrolls of poison
 q - 4 scrolls of vulnerability
 t - 2 scrolls of noise
Potions
 a - a potion of magic
 b - 6 potions of might
 c - a potion of curing {@q1}
 d - 8 potions of ambrosia
 f - a potion of brilliance {unknown}
 g - 5 potions of attraction
 i - 2 potions of lignification {unknown}
 n - 2 potions of mutation {unknown}
 o - a potion of experience {unknown}
 p - 3 potions of enlightenment
 v - a potion of resistance {unknown}

Dungeon Overview and Level Annotations

Branches:
Dungeon (11/15)            Temple (1/1) D:5            Lair (3/5) D:11
 Spider (0/4) Lair:3          Orc (0/2) D:10          Sewer (visited)
  Swamp: Lair:2-3    Shoals: Lair:2-3

Altars:
Ashenzari
Cheibriados
Dithmenos
Elyvilon
Fedhas
Gozag
Hepliaklqana
Kikubaaqudgha
Makhleb
Nemelex Xobeh
Okawaru
Qazlal
Ru
Sif Muna
Trog
Uskayaw
Vehumet
Wu Jian
Xom
Yredelemnul
Zin
The Shining One
Lugonu

Shops:
D:5 **[   D:6 :   D:7 [(:   D:9 (

Portals:
Abyss: D:10

Annotations:
D:10 2 runed translucent doors ##.w #..P.. #P... ...... ##.§.P ...... ##.#FP.#r..P.~ ##.#...#...r.~~ .Y.Y..FF...~..≈ #PYYYFFF..P≈~

#P☼Z@r....~~
#.ZYPyZZ..~#
#Z#☼Y.Z...~~
#.P.Z...~~P~
#.....~P.~~~
##......~..~
#..........~
......#.....~
....(.......~~


You could see a tyrant leech, 3 yaks, 3 cane toads, 2 blink frogs, a vampire
mosquito (ally target), a bullfrog, 4 dream sheep, 3 hell rats, a friendly
spectral komodo dragon, a friendly spectral hell rat, a friendly spectral yak, a
friendly spectral cane toad, a friendly komodo dragon zombie, a friendly yak
zombie and a friendly cane toad zombie.


Message History

The komodo dragon dies!
Kikubaaqudgha accepts your kill.
The dead are walking!
A glowing mist starts to gather...
A dream sheep comes into view.
The yak is engulfed in blazing flames.
Your spectral yak barely misses the vampire mosquito.
Unknown command.
Unknown command.
Unknown command.
Unknown command.
Unknown command.
Unknown command.
Unknown command.
Unknown command.
Unknown command.
Unknown command.
Unknown command.
Unknown command.
Unknown command.
Unknown command.
Unknown command.
Unknown command.
Unknown command.
Unknown command.
Unknown command.
It was a potion of cancellation.
Your magical effects are unravelling.
You feel magically purged.
You are engulfed in blazing flames.
You die...
Kikubaaqudgha rasps: "You have failed me!
Welcome... death!"

Skill      XL: |  1  2  3  4  5  6  7  8  9 10 11 12 13 |
---------------+----------------------------------------+-----
Spellcasting   | 3 4 5 6 7 8 |  8.7
Summonings     | 5 6 7 8 9 |  9.9
Fire Magic     | 1 2 3 5 |  5.0
Stealth        | 5 6 8 9 10 | 10.0
Dodging        | 4 6 7 8 10 | 10.0
Air Magic      | 2 3 4 5 |  5.0
Fighting       | 2 4 5 6 7 |  7.6
Hexes          | 2 4 6 8 |  8.0
Necromancy     | 1 4 6 8 9 |  9.0
Evocations     | 1 5 |  5.0

Action                     |  1- 3 |  4- 6 |  7- 9 | 10-12 | 13-15 || total
---------------------------+-------+-------+-------+-------+-------++-------
  Melee: Unarmed           |     7 |    41 |    19 |    53 |     1 ||   121
         Punch             |     1 |     1 |     1 |     2 |       ||     5
         Bite              |       |     2 |     2 |     8 |       ||    12
   Cast: Summon Small Mamm |    36 |    48 |    51 |     1 |       ||   136
         Call Canine Famil |     1 |    32 |    32 |    11 |     1 ||    77
         Summon Blazeheart |       |     1 |    29 |    80 |     2 ||   112
         Summon Lightning  |       |       |    33 |    63 |     1 ||    97
         Anguish           |       |       |       |    34 |       ||    34
         Animate Dead      |       |       |       |    27 |     1 ||    28
         Death Channel     |       |       |       |     1 |     1 ||     2
  Evoke: Wand              |       |       |       |    11 |     1 ||    12
    Use: Scroll            |       |    13 |     3 |     7 |       ||    23
         Potion            |       |       |     1 |     4 |     3 ||     8
   Stab: Sleeping          |     1 |       |       |       |       ||     1
         Invisible         |       |       |     1 |       |       ||     1
 Armour: Skin              |     8 |    33 |    44 |   126 |    15 ||   226
  Dodge: Dodged            |    31 |    56 |   101 |   261 |    14 ||   463
  Block: Other             |       |       |     3 |    65 |     3 ||    71
         Reflection        |       |       |     1 |     7 |       ||     8

Levels and vault maps discovered:
D:1:      minmay_arrival_nine_rooms, layout_basic, minmay_rat_gold_closets
D:2:      layout_rooms, uniq_jessica
D:3:      minmay_diamond_boxcup, layout_rooms
D:4:      layout_loops_ring, general_overflow_altar,
          mainiacjoe_overflow_concentric_impassable, minmay_fire_ice_demons,
          uniq_eustachio
D:5:      layout_rooms, mainiacjoe_overflow_surrounded_room,
          minmay_temple_entry_drinking_statues, nicolae_sextant,
          nicolae_wooded_promenade
D:6:      layout_cave_pools, cheibrodos_sewer_entry_drain,
          nicolae_shop_vocational, uniq_pikel
D:7:      layout_gridville, serial_shops, nicolae_stop_n_shop_1,
          nicolae_diamond_shop, nicolae_shop_statue_plus,
          minmay_chambers_of_fives
D:8:      layout_basic
D:9:      layout_layer_cave, grunt_qazlal_clouds, mainiacjoe_overflow_two_lobes,
          serial_shops, nicolae_shop_bloodbath_and_beyond, gammafunk_ghost_split
D:10:     due_chaos_kobolds, layout_loops_cross, david_orc_4, serial_glass,
          glass_columns_c, glass_columns_b, glass_columns_b, glass_columns_a,
          glass_columns_a, glass_columns_a, glass_columns_c, glass_columns_b,
          feat_on_display, item_on_display_a, due_unseen_surprise,
          minmay_misc_feat_square, uniq_maggie
D:11:     layout_cave_pools, dpeg_oklobed_lair, nicolae_figureground_sparkle
Temple:   nicolae_temple_slightly_damp_pantheon
Lair:1:   layout_roguey [special_room_bee], cheibrodos_lair_caveside_slide
Lair:2:   layout_loops_ring, grunt_forest_small_clearings,
          infiniplex_staircase_pool, serial_bayou_shore_b
Lair:3:   layout_cave_pods, elwin_shoals_entry_stream, spider_nest_entry_rubble,
          basic_altar, grunt_megastairs_2, serial_bayou_shore_b, uniq_urug
Lair:5:   minmay_lair_end_frog_pond, layout_gridlike

Notes
Turn   | Place    | Note
-------+----------+-------------------------------------------
     0 | D:1      | Ruich the Felid Summoner began the quest for the Orb.
     0 | D:1      | Reached XP level 1. HP: 9/9 MP: 4/4
   306 | D:1      | Reached XP level 2. HP: 13/13 MP: 6/6
  1157 | D:2      | Noticed Jessica
  1157 | D:2      | You fall into a shaft and drop 1 floor!
  1174 | D:3      | Reached XP level 3. HP: 16/16 MP: 5/8
  1200 | D:3      | Learned a level 3 spell: Call Canine Familiar
  1314 | D:3      | Reached skill level 3 in Spellcasting
  1314 | D:3      | Reached XP level 4. HP: 7/21 MP: 7/9
  1314 | D:3      | Gained a life (2 lives remaining)
  1471 | D:3      | Reached skill level 5 in Summonings
  1490 | D:3      | Learned a level 4 spell: Summon Blazeheart Golem
  1535 | D:3      | HP: 2/21 [adder (4)]
  1537 | D:3      | Succumbed to an adder's poison
  1537 | D:3      | Lost a life (1 life remaining)
  1661 | D:3      | Reached skill level 1 in Fire Magic
  1697 | D:3      | Reached XP level 5. HP: 24/24 MP: 4/11
  1887 | D:2      | Killed Jessica
  2450 | D:5      | Entered Level 5 of the Dungeon
  2463 | D:5      | Reached skill level 2 in Fire Magic
  2560 | D:5      | Found a staircase to the Ecumenical Temple.
  2578 | Temple   | Entered the Ecumenical Temple
  2652 | Temple   | Became a worshipper of Kikubaaqudgha
  2676 | D:5      | Noticed a black bear
  3004 | D:4      | Found an opulent altar of Gozag.
  3035 | D:4      | Gained mutation: You are covered in thick fur. (AC +2)
                  | [Felid growth]
  3035 | D:4      | Reached XP level 6. HP: 28/28 MP: 9/12
  3490 | D:4      | Reached skill level 4 in Spellcasting
  3619 | D:4      | Noticed Eustachio
  3631 | D:4      | Killed Eustachio
  3632 | D:4      | Reached skill level 3 in Fire Magic
  3865 | D:4      | Reached XP level 7. HP: 32/32 MP: 11/14
  3865 | D:4      | Gained a life (2 lives remaining)
  4058 | D:4      | Reached skill level 6 in Summonings
  4204 | D:4      | Found a hide-covered altar of Uskayaw.
  4243 | D:4      | Noticed a nameless horror
  4304 | D:4      | Killed a nameless horror
  4660 | D:4      | Reached skill level 4 in Fire Magic
  5134 | D:5      | Found a white marble altar of Elyvilon.
  5250 | D:5      | Reached * piety under Kikubaaqudgha
  5250 | D:5      | Received a gift from Kikubaaqudgha
  5297 | D:5      | Learned a level 4 spell: Summon Lightning Spire
  5308 | D:5      | Found Gawny's General Store.
  5308 | D:5      | Found Baashel's Antique Armour Emporium.
  5310 | D:5      | Found Qicw's Assorted Antiques.
  5517 | D:5      | Reached skill level 5 in Spellcasting
  5517 | D:5      | Reached skill level 5 in Fire Magic
  5585 | D:5      | Reached XP level 8. HP: 36/36 MP: 13/16
  5780 | D:5      | Reached skill level 3 in Stealth
  5823 | D:5      | Reached skill level 3 in Dodging
  6163 | D:6      | Found a glowing drain.
  6193 | D:6      | Reached skill level 1 in Air Magic
  6224 | D:6      | Noticed Pikel
  6229 | D:6      | Reached skill level 1 in Fighting
  6350 | D:5      | Killed Pikel
  6351 | D:5      | Reached skill level 2 in Fighting
  6351 | D:5      | Reached skill level 4 in Dodging
  6351 | D:5      | Reached skill level 4 in Stealth
  6351 | D:5      | Reached skill level 2 in Air Magic
  6563 | Sewer    | Entered a sewer
  6880 | Sewer    | Reached ** piety under Kikubaaqudgha
  6881 | Sewer    | Reached skill level 7 in Summonings
  7223 | D:6      | Found Dagoud's Vocational Training.
  7477 | D:6      | Reached skill level 5 in Stealth
  7608 | D:7      | Found Ylitt's Book Shop.
  7633 | D:7      | Reached XP level 9. HP: 34/43 MP: 13/18
  7789 | D:7      | Reached skill level 5 in Dodging
  7793 | D:7      | Reached skill level 3 in Fighting
  7796 | D:7      | Reached skill level 6 in Spellcasting
  8170 | D:7      | Found Qyheax's Antique Weapon Shoppe.
  8187 | D:7      | Reached skill level 3 in Air Magic
  8191 | D:7      | Reached skill level 6 in Stealth
  8192 | D:7      | Reached *** piety under Kikubaaqudgha
  8192 | D:7      | Received a gift from Kikubaaqudgha
  8201 | D:7      | Learned a level 4 spell: Anguish
  8261 | D:7      | Found Susot's Armour Shop.
  8651 | D:7      | Reached skill level 1 in Hexes
  8695 | D:7      | Reached skill level 6 in Dodging
  8695 | D:7      | Reached skill level 1 in Necromancy
  8724 | D:7      | Reached skill level 2 in Hexes
  8795 | D:8      | Reached skill level 4 in Fighting
  9303 | D:8      | Reached XP level 10. HP: 49/49 MP: 12/20
  9559 | D:8      | Identified the +4 ring mail "Syrexor" {Int+3}
  9806 | D:8      | Reached skill level 3 in Hexes
  9806 | D:8      | Reached skill level 2 in Necromancy
  9878 | D:8      | Reached skill level 7 in Stealth
 10214 | D:7      | Bought a book of Unlife for 432 gold pieces
 10219 | D:7      | Learned a level 4 spell: Animate Dead
 10259 | D:9      | Found a runed translucent gate.
 10260 | D:9      | Found a runed translucent gate.
 10261 | D:9      | Found a runed translucent gate.
 10261 | D:9      | Noticed tdog's ghost (novice SpBr)
 10277 | D:9      | Found Unakkoz's Weapon Shoppe.
 10719 | D:9      | a rime drake changed into a death drake
 10719 | D:9      | Noticed a death drake (shapeshifter)
 10721 | D:9      | a death drake changed into a basilisk
 10810 | D:9      | Found a stormy altar of Qazlal.
 10930 | D:9      | Reached skill level 4 in Air Magic
 11033 | D:9      | Reached skill level 8 in Summonings
 11033 | D:9      | Reached **** piety under Kikubaaqudgha
 11371 | D:9      | Reached skill level 3 in Necromancy
 11515 | D:9      | Found a broken altar of Ashenzari.
 11543 | D:9      | Found a hazy altar of Hepliaklqana.
 11850 | D:9      | HP: 5/51 [tdog's ghost (7)]
 11851 | D:9      | Mangled by a hornet (shapeshifter)
 11851 | D:9      | Lost a life (1 life remaining)
 11863 | D:9      | Noticed a black mamba
 11864 | D:9      | a black mamba changed into a guardian serpent
 11864 | D:9      | Noticed a guardian serpent (shapeshifter)
 11865 | D:9      | a guardian serpent changed into a blink frog
 11874 | D:9      | Killed tdog's ghost
 11875 | D:9      | Reached skill level 7 in Dodging
 11875 | D:9      | Reached skill level 4 in Hexes
 11954 | D:9      | Reached skill level 7 in Spellcasting
 12737 | D:9      | Found Unakkoz's Weapon Shoppe.
 12764 | D:9      | Reached skill level 4 in Necromancy
 13209 | D:9      | Found a stormy altar of Qazlal.
 13439 | D:9      | Found a broken altar of Ashenzari.
 13468 | D:9      | Found a hazy altar of Hepliaklqana.
 13691 | D:10     | Entered Level 10 of the Dungeon
 13701 | D:10     | Noticed Maggie
 13816 | D:10     | Killed Maggie
 13817 | D:10     | Reached skill level 5 in Fighting
 13817 | D:10     | Reached skill level 8 in Stealth
 13817 | D:10     | Reached skill level 1 in Evocations
 13857 | D:10     | Upgraded the game from 0.31.0-11-ge490571c62 to
                  | 0.31.0-12-g77e489cdc1
 14524 | D:10     | HP: 5/51 [orc wizard/+0 dagger of electrocution (18)]
 14702 | D:10     | Reached XP level 11. HP: 55/55 MP: 13/22
 14702 | D:10     | Gained a life (2 lives remaining)
 15049 | D:10     | Reached skill level 5 in Hexes
 15049 | D:10     | Reached skill level 2 in Evocations
 15098 | D:10     | Noticed a brown ugly thing
 15099 | D:10     | Found a one-way gate to the infinite horrors of the Abyss.
 15256 | D:10     | HP: 5/55 [spore (31)]
 15731 | D:10     | Found a staircase to the Orcish Mines.
 15938 | D:10     | Found a large runed translucent door.
 15938 | D:10     | Found a large runed translucent door.
 15938 | D:10     | Found a corrupted altar of Lugonu.
 15941 | D:10     | Noticed a white ugly thing
 16037 | D:11     | Reached skill level 3 in Evocations
 16145 | D:11     | Noticed a two-headed ogre
 16155 | D:11     | Killed a two-headed ogre
 16156 | D:11     | Reached skill level 5 in Necromancy
 16459 | D:11     | Reached skill level 5 in Air Magic
 16460 | D:11     | Reached skill level 8 in Dodging
 16738 | D:11     | Found a staircase to the Lair.
 16905 | Lair:1   | Entered Level 1 of the Lair of Beasts
 16911 | Lair:1   | Reached skill level 6 in Hexes
 16913 | Lair:1   | Reached skill level 9 in Stealth
 16913 | Lair:1   | Reached skill level 4 in Evocations
 17006 | Lair:1   | Noticed a catoblepas
 17038 | Lair:1   | Killed a catoblepas
 17228 | Lair:1   | Reached skill level 6 in Necromancy
 17323 | Lair:1   | Reached skill level 6 in Fighting
 17334 | Lair:1   | Reached skill level 5 in Evocations
 17511 | Lair:1   | Reached ***** piety under Kikubaaqudgha
 17640 | Lair:1   | HP: 5/56 [killer bee (8)]
 17641 | Lair:1   | Slain by a killer bee
 17641 | Lair:1   | Lost a life (1 life remaining)
 17861 | Lair:1   | Gained mutation: Your thick and shaggy fur keeps you warm.
                  | (AC +3, rC+) [Felid growth]
 17861 | Lair:1   | Reached XP level 12. HP: 61/61 MP: 9/24
 17863 | Lair:1   | Reached skill level 9 in Summonings
 17980 | Lair:1   | Reached skill level 7 in Hexes
 18200 | Lair:1   | HP: 1/62 [spore (38)]
 18201 | Lair:1   | Engulfed by a cloud of flame
 18201 | Lair:1   | Lost a life (0 lives remaining)
 18439 | Lair:1   | Reached skill level 9 in Dodging
 18456 | Lair:1   | Reached skill level 7 in Necromancy
 18777 | Lair:1   | Learned a level 6 spell: Death Channel
 18934 | Lair:2   | Reached skill level 10 in Stealth
 18945 | Lair:2   | Reached skill level 8 in Spellcasting
 19719 | Lair:2   | Reached skill level 8 in Hexes
 19984 | Lair:3   | Found an opulent altar of Gozag.
 20078 | Lair:3   | Reached skill level 7 in Fighting
 20141 | Lair:3   | Reached skill level 8 in Necromancy
 20276 | Lair:3   | Noticed Urug
 20293 | Lair:3   | Killed Urug
 20485 | Lair:3   | Found a hole to the Spider Nest.
 20545 | Lair:3   | Reached skill level 10 in Dodging
 20588 | Lair:3   | You fall into a shaft and drop 2 floors!
 20588 | Lair:5   | Entered Level 5 of the Lair of Beasts
 20599 | Lair:5   | Noticed a catoblepas
 20609 | Lair:5   | Reached XP level 13. HP: 41/67 MP: 4/26
 20609 | Lair:5   | Gained a life (1 life remaining)
 20617 | Lair:5   | HP: 2/67 [goliath frog (11)]
 20617 | Lair:5   | Splashed by a goliath frog's acid
 20617 | Lair:5   | Lost a life (0 lives remaining)
 20631 | Lair:5   | Reached skill level 9 in Necromancy
 20633 | Lair:5   | Engulfed by a cloud of flame

Vanquished Creatures
  A two-headed ogre (D:11)
  The ghost of tdog the Covert, a novice SpBr of Okawaru (D:9)
  Pikel (D:5)
  A wolf spider (Lair:3)
  7 elephants
  A black mamba (Lair:3)
  3 unseen horrors (D:10)
  2 komodo dragons (Lair:2)
  2 cane toads
  A rime drake (shapeshifter) (D:9)
  Maggie (D:10)
  A troll (D:11)
  A queen bee (Lair:1)
  A polar bear (Lair:2)
  18 yaks
  A wyvern (Lair:2)
  Eustachio (D:4)
  2 vampire mosquitoes
  3 orc warriors
  A sky beast (D:7)
  A black bear (D:5)
  2 centaurs (D:11)
  2 lemures (D:6)
  A kobold brigand (D:9)
  A gnoll sergeant (D:9)
  A bullfrog (Lair:3)
  A wight (D:8)
  3 yak zombies
  12 killer bees
  A crimson imp (D:4)
  A bullfrog zombie (Lair:1)
  2 orc wizards
  A killer bee zombie (Lair:1)
  A hell rat zombie (Lair:5)
  A gnoll (D:10)
  An orc zombie (D:11)
  3 orcs
  A ball python (D:3)
  2 bats
  An endoplasm (D:2)
  A hobgoblin (D:3)
  A jackal (D:2)
  A frilled lizard (D:3)
  2 kobolds (D:9)
  A rat (D:3)
95 creatures vanquished.

Vanquished Creatures (collateral kills)
  A catoblepas (Lair:1)
  Urug (Lair:3)
  3 elephants
  A komodo dragon (Lair:5)
  4 cane toads
  A troll (D:9)
  A tarantella (Lair:3)
  3 blink frogs (Lair:1)
  A wraith (D:9)
  A nameless horror (D:4)
  A basilisk (Lair:1)
  A wyvern (Lair:2)
  19 yaks
  2 steam dragons
  2 vampire mosquitoes (D:10)
  4 water moccasins
  An acid dragon (D:9)
  An ice beast (D:7)
  7 orc warriors
  A black bear (D:6)
  4 centaurs
  A phantom (D:5)
  A lemure (D:6)
  7 kobold brigands
  7 bullfrogs
  A gnoll sergeant (D:9)
  5 scorpions
  14 wights
  21 killer bees
  3 howler monkeys (D:7)
  8 orc priests
  3 hounds
  Jessica (D:2)
  8 orc wizards
  A sleepcap (D:4)
  3 iguanas
  A hell rat (Lair:5)
  10 gnolls
  15 adders
  A shadow imp (D:7)
  2 white imps
  3 ribbon worms
  4 dart slugs
  44 orcs
  5 bats
  7 endoplasms
  3 giant cockroaches
  11 goblins
  6 hobgoblins
  11 jackals
  3 quokkas
  10 ball pythons
  4 frilled lizards
  38 kobolds
  15 rats
337 creatures vanquished.

Vanquished Creatures (others)
  An unseen horror zombie (D:10)
  A cane toad (Lair:2)
  A troll (D:11)
  6 yaks
  4 cane toad zombies
  An elephant zombie (Lair:5)
  A centaur (D:11)
  13 yak zombies
  A killer bee (Lair:1)
  2 bullfrog zombies (Lair:1)
  An orc priest (D:10)
  A centaur zombie (D:11)
  3 orc wizards
  3 killer bee zombies (Lair:1)
  6 orc zombies
  An orc (D:10)
  A gnoll zombie (D:10)
  6 kobold zombies (D:10)
  57 blazeheart cores
110 creatures vanquished.

Grand Total: 542 creatures vanquished

Table legend: (Time is in decaauts)
 A = Elapsed time spent in this place.
 B = Non-inter-level travel time spent in this place.
 C = Inter-level travel time spent in this place.
 D = Time resting spent in this place.
 E = Time spent auto-exploring this place.
 F = Levels seen in this place.
 G = Mean time per level.
                   A        B        C        D        E       F      G
               +--------+--------+--------+--------+--------+-----+--------+
         Total |  20705 |  19944 |    761 |   7503 |   6958 |  17 | 1217.9 |
       Dungeon |  16225 |  15609 |    616 |   5697 |   5716 |  11 | 1475.0 |
        Temple |     90 |     90 |      0 |      0 |      0 |   1 |   90.0 |
          Lair |   3733 |   3589 |    144 |   1443 |   1141 |   4 |  933.2 |
         Sewer |    656 |    656 |      0 |    363 |    101 |   1 |  656.0 |
               +--------+--------+--------+--------+--------+-----+--------+

Top non-repeatable levels by time:
     D:9: 3700 daAuts
     D:4: 2001 daAuts
  Lair:1: 1996 daAuts
    D:10: 1773 daAuts
     D:8: 1693 daAuts
     D:5: 1514 daAuts
     D:7: 1225 daAuts
  Lair:2: 1093 daAuts
     D:3: 1071 daAuts
     D:1: 1002 daAuts
    D:11: 931 daAuts
     D:2: 720 daAuts
   Sewer: 656 daAuts
  Lair:3: 598 daAuts
     D:6: 590 daAuts

Table legend:
 A = Non-vault XP
 B = Vault XP
 C = Vault XP percentage of total XP
 D = Non-vault monster count
 E = Vault monster count
 F = Vault count percentage of total count
                 A         B        C        D         E       F
            +---------+---------+-------+---------+---------+-------
      Total |   31620 |    8170 |  20.5 |     326 |     110 |  25.2
            +---------+---------+-------+---------+---------+-------
        D:1 |      28 |       9 |  24.3 |      15 |       9 |  37.5
        D:2 |      45 |      37 |  45.1 |      18 |       1 |   5.3
        D:3 |     179 |      13 |   6.8 |      28 |       8 |  22.2
        D:4 |     298 |     257 |  46.3 |      23 |       3 |  11.5
        D:5 |     741 |     617 |  45.4 |      29 |       1 |   3.3
        D:6 |     364 |      10 |   2.7 |      11 |       2 |  15.4
        D:7 |    1859 |     274 |  12.8 |      32 |       5 |  13.5
        D:8 |    1334 |       0 |   0.0 |      23 |       0 |   0.0
        D:9 |    2074 |    1508 |  42.1 |      35 |       6 |  14.6
       D:10 |    1955 |    1084 |  35.7 |      18 |      18 |  50.0
       D:11 |    3399 |       0 |   0.0 |      21 |       0 |   0.0
     Lair:1 |    7621 |    1853 |  19.6 |      35 |      26 |  42.6
     Lair:2 |    5487 |       0 |   0.0 |      18 |       0 |   0.0
     Lair:3 |    2229 |    1702 |  43.3 |       9 |       4 |  30.8
     Lair:5 |    4007 |     677 |  14.5 |      11 |       3 |  21.4
      Sewer |       0 |     129 | 100.0 |       0 |      24 | 100.0
            +---------+---------+-------+---------+---------+-------
